 Dungeon Crawl Stone Soup version 0.18.1-48-g4cf74bf (webtiles) character file.

24 MarcHammon the Sneak (level 3, -1/24 HPs)
             Began as an Octopode Assassin on Aug 30, 2016.
             Slain by an adder (5 damage)
             ... on level 2 of the Dungeon.
             The game lasted 00:04:11 (796 turns).

MarcHammon the Sneak (Octopode Assassin)             Turns: 796, Time: 00:04:12

Health: -1/24      AC:  1    Str: 11    XL:     3   Next: 2%
Magic:  3/3        EV: 12    Int: 13    God:
Gold:   45         SH:  0    Dex: 13    Spells: 0 memorised, 2 levels left

rFire  . . .     SeeInvis .     m - +2 dagger (holy)
rCold  . . .     Gourm    .     (no shield)
rNeg   . . .     Faith    .     (helmet restricted)
rPois  .         Spirit   .     (no amulet)
rElec  .         Dismiss  .     (no ring)
rCorr  .         Reflect  .     (no ring)
SustAt .         Harm     .     (no ring)
MR     .....                    (no ring)
Stlth  +++++.....               (no ring)
                                (no ring)
                                (no ring)
                                (no ring)

@: not resistant to hostile enchantments, quite stealthy
A: almost no armour, amphibious, 8 rings, constrict 8, camouflage 1, gelatinous
body 1
a: no special abilities


You were on level 2 of the Dungeon.
You were not hungry.

You visited 1 branch of the dungeon, and saw 2 of its levels.

You collected 45 gold pieces.

Inventory:

Hand Weapons
 a - a +2 dagger
 b - a +0 blowgun
 m - a +2 dagger of holy wrath (weapon)
Missiles
 c - 8 poisoned needles (quivered)
 d - 2 curare-tipped needles
 e - 44 arrows
 g - 10 bolts
 n - 8 javelins
Scrolls
 k - 2 scrolls of identify {unknown}
 l - 3 scrolls of enchant armour {unknown}
 o - a scroll of teleportation {unknown}
Potions
 h - a potion of heal wounds {unknown}
 j - 2 potions of agility {unknown}
Comestibles
 f - a bread ration
 i - a meat ration


   Skills:
 + Level 2.1 Fighting
 + Level 2.2 Short Blades
 + Level 2.1 Throwing
 + Level 1.2 Dodging
 + Level 6.2 Stealth


You had 2 spell levels left.
You didn't know any spells.

Dungeon Overview and Level Annotations

Branches:
Dungeon (2/15)

Altars:
Elyvilon
Zin
The Shining One


Innate Abilities, Weirdness & Mutations

You cannot wear most types of armour.
You are amphibious.
You can wear up to eight rings at the same time.
You can use your tentacles to constrict eight enemies at once.
Your skin changes colour to match your surroundings (Stealth).
Your rubbery body absorbs attacks (AC +1).


Message History

You barely miss the quokka. Your grab misses the quokka.
Your squeeze misses the quokka. The quokka closely misses you.
You hit the quokka. You grab the quokka.
The quokka is moderately wounded.
You constrict the quokka. The quokka bites you.
You hit the quokka but do no damage.
The quokka is heavily wounded.
You constrict the quokka. The quokka bites you.
* * * LOW HITPOINT WARNING * * *
You hit the quokka.
You kill the quokka!
You have reached level 3!
Your experience leads to an increase in your attributes!
Increase (S)trength, (I)ntelligence, or (D)exterity?
You feel stronger.
o - a scroll labeled ATIGAIMORIUF As you open the door, it creaks loudly!
There is an open door here.
The adder bites you.
You die...

######## #......#
#..!...######
#......#....#
#.S....+....+
#.@....#....#
##'#........ #......##
#......+ ###
##...†..######
#.#..............######
#.###..............>...
#.# #..♣♣♣♣♣♣♣....[....
#.#...♣♣.....♣♣........


You could see an adder.

Vanquished Creatures
  An adder (D:2)
  A giant gecko (D:1)
  A bat (D:1)
  A giant cockroach (D:2)
  A goblin (D:1)
  2 jackals (D:1)
  A quokka (D:2)
  2 kobolds (D:1)
  4 rats (D:1)
14 creatures vanquished.

Notes
Turn   | Place    | Note
--------------------------------------------------------------
     0 | D:1      | MarcHammon the Octopode Assassin began the quest for the Orb.
     0 | D:1      | Reached XP level 1. HP: 14/14 MP: 1/1
   254 | D:1      | Reached XP level 2. HP: 9/19 MP: 2/2
   672 | D:2      | Found a glowing silver altar of Zin.
   676 | D:2      | Reached skill level 6 in Stealth
   681 | D:2      | Found a white marble altar of Elyvilon.
   682 | D:2      | Found a glowing golden altar of the Shining One.
   788 | D:2      | Reached XP level 3. HP: 3/24 MP: 3/3
   796 | D:2      | Slain by an adder

Skill      XL: |  1  2 |
---------------+-------+-----
Stealth        | 6 |  6.2
Fighting       | |  2.1
Short Blades   | |  2.2
Throwing       | |  2.1
Dodging        | |  1.2

Action                   || total
-------------------------++-------
Melee: Dagger            ||    34
       Constrict         ||     5
       Tentacles         ||     2
  Use: Scroll            ||     1
 Stab: Sleeping          ||     3
       Distracted        ||     1
Armor: Skin              ||    10
Dodge: Dodged            ||    28
